TOP OF THE 1ST |
Pensacola Pilots batting - Pitching for Detroit Dirty Snow : RHP George Burks
|
Pitching: RHP George Burks
|
|
Batting: RHB Julian Lee
|
0-0: Called Strike 0-1: Bunt for hit - play at first, batter safe!
|
Batting: RHB Jonny Lord
|
0-0: Called Strike 0-1: Ball 1-1: Called Strike 1-2: Ground out 3-1 (Groundball, 34) Julian Lee to second
|
Batting: LHB Pedro Ramos
|
0-0: Foul Ball, location: 2F 0-1: 2-RUN HOME RUN (Flyball, 9D), Distance : 367 ft
|
Batting: RHB Peter Bishop
|
0-0: Ball 1-0: Ball 2-0: Swinging Strike 2-1: Foul Ball, location: 2F 2-2: Foul Ball, location: 2F 2-2: Ball 3-2: Base on Balls
|
Batting: LHB Weston Chaney
|
0-0: Ball 1-0: Called Strike 1-1: Ball Wild Pitch! Peter Bishop to second 2-1: Fly out, F3 (Line Drive, 3)
|
Batting: SHB Fernando Gutiérrez
|
0-0: Called Strike 0-1: Ball 1-1: Foul Ball, location: 2F 1-2: Ball 2-2: Ground out 1-3 (Groundball, 15S)
|
Top of the 1st over - 2 run(s), 2 hit(s), 0 error(s), 1 left on base; Pensacola 2 - Detroit 0 |
BOTTOM OF THE 1ST |
Detroit Dirty Snow batting - Pitching for Pensacola Pilots : LHP Fernando Palácios
|
Pitching: LHP Fernando Palácios
|
|
Batting: RHB Phil Wright
|
0-0: Ball 1-0: Called Strike 1-1: Ground out 5-3 (Groundball, 56S)
|
Batting: RHB Cristo Souza
|
0-0: Called Strike 0-1: SINGLE (Groundball, 56D)
|
Batting: LHB Eric Powell
|
0-0: Called Strike 0-1: Ball 1-1: Ball 2-1: Ball Wild Pitch! Cristo Souza to second 3-1: Base on Balls
|
Batting: RHB Arturo Jiménez
|
0-0: SINGLE (Line Drive, 4) (infield hit) Cristo Souza to third Eric Powell to second
|
Batting: RHB Carlos Rocha
|
0-0: Ball 1-0: Ball 2-0: Ball 3-0: Called Strike 3-1: Grounds into double play, 5-4-3 (Groundball, 56)
|
Bottom of the 1st over - 0 run(s), 2 hit(s), 0 error(s), 2 left on base; Pensacola 2 - Detroit 0 |
TOP OF THE 2ND |
Pensacola Pilots batting - Pitching for Detroit Dirty Snow : RHP George Burks
|
Batting: LHB Nick Gamble
|
0-0: Ball 1-0: Foul Ball, location: 2F 1-1: Ball 2-1: Ball 3-1: Called Strike 3-2: Foul Ball, location: 2F 3-2: Base on Balls
|
Batting: RHB Leopoldo Horgan
|
0-0: Ball 1-0: Foul Ball, location: 2F 1-1: Ball 2-1: Ball 3-1: Base on Balls Nick Gamble to second
|
Batting: RHB Jesús García
|
0-0: Swinging Strike 0-1: Ball 1-1: Fly out, F7 (Flyball, 7)
|
Batting: RHB Julian Lee
|
0-0: Ball 1-0: Foul Ball, location: 2F 1-1: Ball 2-1: Ball 3-1: Base on Balls Nick Gamble to third Leopoldo Horgan to second
|
Batting: RHB Jonny Lord
|
0-0: Swinging Strike 0-1: Foul Ball, location: 2F 0-2: Ball 1-2: Ball 2-2: Strikes out swinging
|
Batting: LHB Pedro Ramos
|
0-0: Called Strike 0-1: Ball 1-1: Foul Ball, location: 2F 1-2: SINGLE (Flyball, 9S) Nick Gamble scores Leopoldo Horgan to third Julian Lee to second Runner from 3rd tries for Home, throw and OUT!
|
Top of the 2nd over - 1 run(s), 1 hit(s), 0 error(s), 2 left on base; Pensacola 3 - Detroit 0 |
BOTTOM OF THE 2ND |
Detroit Dirty Snow batting - Pitching for Pensacola Pilots : LHP Fernando Palácios
|
Batting: RHB Charlie O'Farrell
|
0-0: Foul Ball, location: 2F 0-1: Ball 1-1: Swinging Strike 1-2: Ball 2-2: Foul Ball, location: 2F 2-2: Ball 3-2: Base on Balls
|
Batting: SHB Alan Garland
|
0-0: Ball 1-0: Called Strike 1-1: Swinging Strike 1-2: SINGLE (Groundball, 34D) Charlie O'Farrell to second Runner from 2nd tries for 3rd, SAFE, no throw
|
Batting: SHB Cristián López
|
0-0: Fly out, F9 (Line Drive, 9) Runner from 3rd tags up, SCORES, throw made
|
Batting: RHB Carlos Salas
|
0-0: Ball 1-0: Called Strike Alan Garland steals 2nd base 1-1: Swinging Strike 1-2: Ball 2-2: Ball 3-2: Base on Balls
|
Batting: RHB Phil Wright
|
0-0: Ball 1-0: Ball Alan Garland steals 3rd base Carlos Salas to second 2-0: Ball 3-0: Called Strike 3-1: Ground out 6-3 (Groundball, 6) Alan Garland scores
|
Batting: RHB Cristo Souza
|
0-0: Ground out 5-3 (Groundball, 56)
|
Bottom of the 2nd over - 2 run(s), 1 hit(s), 0 error(s), 1 left on base; Pensacola 3 - Detroit 2 |
TOP OF THE 3RD |
Pensacola Pilots batting - Pitching for Detroit Dirty Snow : RHP George Burks
|
Batting: RHB Peter Bishop
|
0-0: Swinging Strike 0-1: Ball 1-1: Ball 2-1: Ball 3-1: Swinging Strike 3-2: Ground out 5-3 (Groundball, 5L)
|
Batting: LHB Weston Chaney
|
0-0: Ball 1-0: Ball 2-0: Ball 3-0: Base on Balls
|
Batting: SHB Fernando Gutiérrez
|
0-0: Ball 1-0: Foul Ball, location: 2F 1-1: Foul Ball, location: 2F 1-2: 2-RUN HOME RUN (Flyball, 89XD), Distance : 414 ft
|
Batting: LHB Nick Gamble
|
0-0: DOUBLE (Flyball, 7LD)
|
Batting: RHB Leopoldo Horgan
|
0-0: Ball 1-0: Ball 2-0: Swinging Strike 2-1: Fly out, F7 (Flyball, 78S)
|
Batting: RHB Jesús García
|
0-0: Ball 1-0: Called Strike 1-1: Swinging Strike 1-2: Ball 2-2: Strikes out swinging
|
Top of the 3rd over - 2 run(s), 2 hit(s), 0 error(s), 1 left on base; Pensacola 5 - Detroit 2 |
BOTTOM OF THE 3RD |
Detroit Dirty Snow batting - Pitching for Pensacola Pilots : LHP Fernando Palácios
|
Batting: LHB Eric Powell
|
0-0: Foul Ball, location: 2F 0-1: Swinging Strike 0-2: Fly out, F4 (Popup, 34)
|
Batting: RHB Arturo Jiménez
|
0-0: Ball 1-0: Ball 2-0: Foul Ball, location: 2F 2-1: Foul Ball, location: 2F 2-2: SINGLE (Line Drive, 7LS)
|
Batting: RHB Carlos Rocha
|
0-0: Called Strike 0-1: Grounds into double play, 6-4-3 (Groundball, 6)
|
Bottom of the 3rd over - 0 run(s), 1 hit(s), 0 error(s), 0 left on base; Pensacola 5 - Detroit 2 |
TOP OF THE 4TH |
Pensacola Pilots batting - Pitching for Detroit Dirty Snow : RHP George Burks
|
Batting: RHB Julian Lee
|
0-0: Ball 1-0: Called Strike 1-1: Ball 2-1: Foul Ball, location: 2F 2-2: Ground out 6-3 (Groundball, 6)
|
Batting: RHB Jonny Lord
|
0-0: Called Strike 0-1: Ball 1-1: Ball 2-1: Foul Ball, location: 2F 2-2: Ball 3-2: Fly out, F9 (Line Drive, 9)
|
Batting: LHB Pedro Ramos
|
0-0: Ground out 6-3 (Groundball, 6M)
|
Top of the 4th over - 0 run(s), 0 hit(s), 0 error(s), 0 left on base; Pensacola 5 - Detroit 2 |
BOTTOM OF THE 4TH |
Detroit Dirty Snow batting - Pitching for Pensacola Pilots : LHP Fernando Palácios
|
Batting: RHB Charlie O'Farrell
|
0-0: Ball 1-0: Called Strike 1-1: Foul Ball, location: 2F 1-2: Ball 2-2: SINGLE (Line Drive, 8LM)
|
Batting: SHB Alan Garland
|
0-0: Called Strike 0-1: Foul Ball, location: 2F 0-2: Strikes out swinging
|
Batting: SHB Cristián López
|
0-0: Swinging Strike 0-1: Ball 1-1: Foul Ball, location: 2F 1-2: Ground out 6-3 (Groundball, 6S) Charlie O'Farrell to second
|
Batting: RHB Carlos Salas
|
0-0: Called Strike 0-1: Ball 1-1: Foul Ball, location: 2F 1-2: Foul Ball, location: 2F 1-2: Ball 2-2: Ball 3-2: Ground out 5-3 (Groundball, 56S)
|
Bottom of the 4th over - 0 run(s), 1 hit(s), 0 error(s), 1 left on base; Pensacola 5 - Detroit 2 |
TOP OF THE 5TH |
Pensacola Pilots batting - Pitching for Detroit Dirty Snow : RHP George Burks
|
Pitching: RHP Carl Thomas
|
|
Batting: RHB Peter Bishop
|
0-0: Ball 1-0: Foul Ball, location: 2F 1-1: Foul Ball, location: 2F 1-2: Ball 2-2: Ground out 5-3 (Groundball, 56)
|
Batting: LHB Weston Chaney
|
0-0: Swinging Strike 0-1: Ball 1-1: Foul Ball, location: 2F 1-2: Fly out, F7 (Flyball, 78D)
|
Batting: SHB Fernando Gutiérrez
|
0-0: Ball 1-0: Ball 2-0: Called Strike 2-1: Foul Ball, location: 2F 2-2: Foul Ball, location: 2F 2-2: Strikes out swinging
|
Top of the 5th over - 0 run(s), 0 hit(s), 0 error(s), 0 left on base; Pensacola 5 - Detroit 2 |
BOTTOM OF THE 5TH |
Detroit Dirty Snow batting - Pitching for Pensacola Pilots : LHP Fernando Palácios
|
Batting: RHB Phil Wright
|
0-0: Ball 1-0: Ground out 6-3 (Groundball, 6)
|
Batting: RHB Cristo Souza
|
0-0: Ball 1-0: Ball 2-0: Swinging Strike 2-1: Ball 3-1: Called Strike 3-2: Base on Balls
|
Batting: LHB Eric Powell
|
0-0: Ball 1-0: Ball 2-0: Ball 3-0: Base on Balls Cristo Souza to second
|
Batting: RHB Arturo Jiménez
|
0-0: Ball 1-0: Foul Ball, location: 2F 1-1: Swinging Strike 1-2: Foul Ball, location: 2F 1-2: Strikes out swinging
|
Batting: RHB Carlos Rocha
|
0-0: Called Strike 0-1: Foul Ball, location: 2F 0-2: Ball 1-2: Fly out, F4 (Line Drive, 4)
|
Bottom of the 5th over - 0 run(s), 0 hit(s), 0 error(s), 2 left on base; Pensacola 5 - Detroit 2 |
TOP OF THE 6TH |
Pensacola Pilots batting - Pitching for Detroit Dirty Snow : RHP Carl Thomas
|
Batting: LHB Nick Gamble
|
0-0: Ball 1-0: Swinging Strike 1-1: Ball 2-1: Swinging Strike 2-2: Foul Ball, location: 2F 2-2: Strikes out swinging
|
Batting: RHB Leopoldo Horgan
|
0-0: Ball 1-0: Ball 2-0: Ball 3-0: Base on Balls
|
Batting: RHB Jesús García
|
0-0: Foul Ball, location: 2F 0-1: Called Strike 0-2: SINGLE (Line Drive, 4D) Leopoldo Horgan to second Runner from 2nd tries for 3rd, SAFE, no throw
|
Batting: RHB Julian Lee
|
0-0: Called Strike 0-1: Called Strike 0-2: Ball 1-2: Ball 2-2: Ball 3-2: Foul Ball, location: 2F 3-2: Strikes out swinging
|
Batting: RHB Jonny Lord
|
0-0: Called Strike 0-1: Ball 1-1: Foul Ball, location: 2F 1-2: Foul Ball, location: 2F 1-2: Foul Ball, location: 2F 1-2: Foul Ball, location: 2F 1-2: Strikes out swinging
|
Top of the 6th over - 0 run(s), 1 hit(s), 0 error(s), 2 left on base; Pensacola 5 - Detroit 2 |
BOTTOM OF THE 6TH |
Detroit Dirty Snow batting - Pitching for Pensacola Pilots : LHP Fernando Palácios
|
Batting: RHB Charlie O'Farrell
|
0-0: Foul Ball, location: 2F 0-1: Ball 1-1: Swinging Strike 1-2: Ball 2-2: SINGLE (Groundball, 34D)
|
Batting: SHB Alan Garland
|
0-0: Grounds into double play, 6-4-3 (Groundball, 6)
|
Batting: SHB Cristián López
|
0-0: Ball 1-0: Swinging Strike 1-1: Ball 2-1: Foul Ball, location: 2F 2-2: Ground out 6-3 (Groundball, 6)
|
Bottom of the 6th over - 0 run(s), 1 hit(s), 0 error(s), 0 left on base; Pensacola 5 - Detroit 2 |
TOP OF THE 7TH |
Pensacola Pilots batting - Pitching for Detroit Dirty Snow : RHP Carl Thomas
|
Batting: LHB Pedro Ramos
|
0-0: Ball 1-0: Ball 2-0: Foul Ball, location: 2F 2-1: Ball 3-1: Called Strike 3-2: Foul Ball, location: 2F 3-2: Fly out, F6 (Popup, 6M)
|
Batting: RHB Peter Bishop
|
0-0: Foul Ball, location: 2F 0-1: Ball 1-1: Ball 2-1: Foul Ball, location: 2F 2-2: Foul Ball, location: 2F 2-2: Ball 3-2: Base on Balls
|
Batting: LHB Weston Chaney
|
0-0: Ball 1-0: Called Strike 1-1: Called Strike 1-2: Ball 2-2: Strikes out swinging
|
Batting: SHB Fernando Gutiérrez
|
0-0: Ball 1-0: Ball 2-0: Ball 3-0: Called Strike 3-1: Swinging Strike 3-2: Strikes out looking
|
Top of the 7th over - 0 run(s), 0 hit(s), 0 error(s), 1 left on base; Pensacola 5 - Detroit 2 |
BOTTOM OF THE 7TH |
Detroit Dirty Snow batting - Pitching for Pensacola Pilots : LHP Fernando Palácios
|
Batting: RHB Carlos Salas
|
0-0: Swinging Strike 0-1: Ball 1-1: Swinging Strike 1-2: Ball 2-2: Foul Ball, location: 2F 2-2: Fly out, F9 (Flyball, 89S)
|
Pitching: RHP Jesús Núñez
|
|
Batting: RHB Phil Wright
|
0-0: Ball 1-0: Ball 2-0: Ball 3-0: Base on Balls
|
Pitching: RHP Manuel Valdés
|
|
Batting: RHB Cristo Souza
|
0-0: Called Strike 0-1: Ball 1-1: Ball 2-1: Ball 3-1: Called Strike Balk! Phil Wright to second 3-2: SINGLE (Flyball, 78M) Phil Wright to third
|
Batting: LHB Eric Powell
|
0-0: Ball 1-0: Ball 2-0: Ball 3-0: Base on Balls Cristo Souza to second
|
Batting: RHB Arturo Jiménez
|
0-0: Ball 1-0: Called Strike 1-1: Ball 2-1: Foul Ball, location: 2F 2-2: Ball 3-2: SINGLE (Groundball, 5D) Phil Wright scores Cristo Souza to third Eric Powell to second Runner from 3rd tries for Home, SAFE, throw made home Eric Powell to third Arturo Jiménez to second
|
Batting: RHB Carlos Rocha
|
0-0: Called Strike 0-1: Ball 1-1: Swinging Strike 1-2: Foul Ball, location: 2F 1-2: Fly out, F9 (Flyball, 9LS)
|
Batting: RHB Charlie O'Farrell
|
0-0: Ball 1-0: Ball 2-0: Called Strike 2-1: SINGLE (Line Drive, 34D) Eric Powell scores Arturo Jiménez to third Runner from 3rd tries for Home, SAFE, no throw
|
Batting: SHB Alan Garland
|
0-0: Foul Ball, location: 2F 0-1: Ball 1-1: Foul Ball, location: 2F 1-2: SINGLE (Groundball, 6MD) Charlie O'Farrell to second Runner from 2nd tries for 3rd, SAFE, throw made to third
|
Batting: SHB Cristián López
|
0-0: Fly out, F7 (Line Drive, 7)
|
Bottom of the 7th over - 4 run(s), 4 hit(s), 0 error(s), 2 left on base; Pensacola 5 - Detroit 6 |
TOP OF THE 8TH |
Pensacola Pilots batting - Pitching for Detroit Dirty Snow : RHP Carl Thomas
|
Pitching: LHP Alonso Pineda
|
|
Batting: LHB Nick Gamble
|
0-0: Ball 1-0: Called Strike 1-1: Called Strike 1-2: Strikes out swinging
|
Pitching: RHP Leonard Christensen
|
|
Batting: RHB Leopoldo Horgan
|
0-0: Ball 1-0: Ball 2-0: Foul Ball, location: 2F 2-1: Foul Ball, location: 2F 2-2: Strikes out swinging, 2-3 out at first.
|
Batting: RHB Jesús García
|
0-0: Fly out, F5 (Line Drive, 5S)
|
Top of the 8th over - 0 run(s), 0 hit(s), 0 error(s), 0 left on base; Pensacola 5 - Detroit 6 |
BOTTOM OF THE 8TH |
Detroit Dirty Snow batting - Pitching for Pensacola Pilots : RHP Manuel Valdés
|
Batting: RHB Carlos Salas
|
0-0: Ball 1-0: Ball 2-0: Ball 3-0: Called Strike 3-1: Foul Ball, location: 2F 3-2: Ground out 6-3 (Groundball, 6)
|
Batting: RHB Phil Wright
|
0-0: SINGLE (Line Drive, 3D)
|
Batting: RHB Cristo Souza
|
0-0: Ball 1-0: Foul Ball, location: 2F 1-1: Ball 2-1: Swinging Strike 2-2: Fly out, F8 (Flyball, 78D)
|
Batting: LHB Eric Powell
|
0-0: Ball 1-0: Foul Ball, location: 2F 1-1: Foul Ball, location: 2F 1-2: Ball 2-2: Ball 3-2: SINGLE (Line Drive, 8RS) Phil Wright to second Phil Wright to third
|
Batting: RHB Arturo Jiménez
|
0-0: Called Strike 0-1: SINGLE (Groundball, 56D) Phil Wright scores Eric Powell to second
|
Batting: RHB Carlos Rocha
|
0-0: Called Strike 0-1: Foul Ball, location: 2F 0-2: Fly out, F4 (Popup, 4MD)
|
Bottom of the 8th over - 1 run(s), 3 hit(s), 0 error(s), 2 left on base; Pensacola 5 - Detroit 7 |
TOP OF THE 9TH |
Pensacola Pilots batting - Pitching for Detroit Dirty Snow : RHP Leonard Christensen
|
Pitching: RHP Drake Williams
|
|
Batting: RHB Julian Lee
|
0-0: Foul Ball, location: 2F 0-1: Swinging Strike 0-2: Strikes out looking
|
Batting: RHB Jonny Lord
|
0-0: Ball 1-0: Ball 2-0: Called Strike 2-1: Swinging Strike 2-2: Fly out, F8 (Line Drive, 78D)
|
Batting: LHB Pedro Ramos
|
0-0: Called Strike 0-1: Ball 1-1: Called Strike 1-2: Foul Ball, location: 2F 1-2: Strikes out swinging
|
Top of the 9th over - 0 run(s), 0 hit(s), 0 error(s), 0 left on base; Pensacola 5 - Detroit 7 |
|